 Dungeon Crawl Stone Soup version 0.14.0-26-g1682e81 (webtiles) character file.

47 Quh the Magician (level 3, 0/20 HPs)
             Began as a Deep Elf Wizard on Apr 28, 2014.
             Slain by a quokka (2 damage)
             ... on Level 2 of the Dungeon.
             The game lasted 00:07:12 (1325 turns).

Quh the Magician (Deep Elf Wizard)                  Turns: 1325, Time: 00:07:12

HP   0/20        AC  2     Str  5      XL: 3   Next:  1%
MP   5/13        EV 12     Int 22      God:
Gold 18          SH  0     Dex 13      Spells:  4 memorised,  4 levels left

rFire  . . .     SeeInvis .     (no weapon)
rCold  . . .     Clarity  .     a - +0 robe
rNeg   . . .     Conserve .     (no shield)
rPois  .         rCorr    .     b - +0 hat
rElec  .         rRot     .     (no cloak)
SustAb . .       Spirit   .     (no gloves)
rMut   .         Warding  .     (no boots)
Saprov . . .     Stasis   .     (no amulet)
MR     .....                    (no ring)
                                (no ring)

@: lethally poisoned, not resistant to hostile enchantments, fairly stealthy
A: no striking features
a: no special abilities


You were on level 2 of the Dungeon.
You were not hungry.

You visited 1 branch of the dungeon, and saw 2 of its levels.

You collected 18 gold pieces.

Inventory:

Missiles
 g - 28 stones
 h - 8 darts (quivered)
Armour
 a - a +0 robe (worn)
 b - a +0 hat (worn)
 i - a +0 robe
Comestibles
 d - a bread ration
 m - 2 meat rations
 n - a chunk of bat flesh
Scrolls
 j - a scroll of remove curse {unknown}
 q - 3 scrolls of enchant weapon I {unknown}
 s - a scroll of teleportation {unknown}
Potions
 e - a potion of restore abilities {unknown}
 f - a potion of lignification {unknown}
 k - a potion of heal wounds {unknown}
 o - 2 potions of curing {unknown}
 r - a potion of brilliance {unknown}
Books
 c - a book of Minor Magic

   Spells                             Type                      Level
   *Magic Dart                        Conjuration                  1
   *Blink                             Translocation                2
   *Call Imp                          Summoning                    2
   *Repel Missiles                    Charms/Air                   2
   Slow                               Hexes                        2
   Conjure Flame                      Conjuration/Fire             3
   Mephitic Cloud                     Conjuration/Poison/Air       3


   Skills:
 + Level 0.5 Fighting
 - Level 2.4 Dodging
 - Level 2.4 Stealth
 + Level 4.8 Spellcasting
 * Level 1.9 Conjurations
 * Level 1.3 Charms
 * Level 1.5 Summonings
 - Level 1.1 Translocations


You had 4 spell levels left.
You knew the following spells:

 Your Spells              Type           Power        Failure   Level  Hunger
a - Magic Dart            Conj           ##..         6%          1    None
b - Blink                 Tloc           N/A          12%         2    None
c - Call Imp              Summ           ##......     10%         2    None
d - Repel Missiles        Chrm/Air       #.....       14%         2    None


Dungeon Overview and Level Annotations

Branches:
Dungeon (2/15)

Altars:


Message History

Aiming: Magic Dart
Press: ? - help, Shift-Dir - straight line, f/p - adder
Aim: an adder (heavily wounded)
The magic dart hits the adder.
The adder is severely wounded.
The adder barely misses you. The quokka closely misses you.
The adder bites you.
* * * LOW HITPOINT WARNING * * *
You are lethally poisoned!
The adder poisons you!
Casting: Magic Dart
Confirm with . or Enter, or press ? or * to list all spells.
Aiming: Magic Dart
Press: ? - help, Shift-Dir - straight line, f/p - adder
Aim: an adder (severely wounded)
The magic dart hits the adder.
The adder is almost dead.
* * * LOW HITPOINT WARNING * * *
You feel sick. The quokka bites you.
You die...

...........##......#####
####.##....##.....[.....#
#.##....#........###.
#.##.............#
#.##...###.......#
####.##.............#
......#.............#
#######...###..#r...# #
..........S@<..# #
########.##...### #
#..............# #
#.#####.####>#.# # ....
.#.# # ###.# ## # ... #..
###


You could see an adder and a quokka.

Vanquished Creatures
  A ball python (D:2)
  3 giant cockroaches
  A goblin (D:2)
  4 hobgoblins (D:1)
  2 kobolds (D:1)
  6 bats
  3 giant newts
  4 rats
24 creatures vanquished.

Vanquished Creatures (collateral kills)
  A worm (D:2)
  A rat (D:1)
2 creatures vanquished.

Grand Total: 26 creatures vanquished

Notes
Turn   | Place    | Note
--------------------------------------------------------------
     0 | D:1      | Quh, the Deep Elf Wizard, began the quest for the Orb.
     0 | D:1      | Reached XP level 1. HP: 10/10 MP: 6/6
   351 | D:1      | Reached XP level 2. HP: 15/15 MP: 5/10
   389 | D:1      | Learned a level 2 spell: Blink
   392 | D:1      | Learned a level 2 spell: Call Imp
   395 | D:1      | Learned a level 2 spell: Repel Missiles
  1097 | D:2      | Reached skill level 1 in Charms
  1284 | D:2      | Reached XP level 3. HP: 20/20 MP: 10/13
  1325 | D:2      | Slain by a quokka

Action                   || total
-------------------------++-------
Melee: Unarmed           ||     2
 Cast: Magic Dart        ||    48
       Call Imp          ||     7
